 Dungeon Crawl Stone Soup version 0.23.2-1-ga50397a6bc (webtiles) character file.

Game seed: 17118141744805219428

120 Gordogan the Vexing (level 5, -1/45 HPs)
             Began as a Naga Arcane Marksman on May 2, 2019.
             Engulfed by a cloud of flame (3 damage)
             ... on level 3 of the Dungeon.
             The game lasted 00:30:06 (2272 turns).

Gordogan the Vexing (Naga Arcane Marksman)          Turns: 2272, Time: 00:30:07

Health: -1/45      AC:  3    Str: 12    XL:     5   Next: 4%
Magic:  4/6        EV: 10    Int: 13    God:
Gold:   87         SH:  0    Dex: 13    Spells: 2/6 levels left

rFire    + . .     SeeInvis +   a - +0 hunting sling
rCold    . . .     Gourm    .   (no shield)
rNeg     . . .     Faith    .   c - +0 robe (curse)
rPois    +         Spirit   .   j - +0 helmet
rElec    .         Reflect  .   (no cloak)
rCorr    .         Harm     .   (no gloves)
MR       +....                  (no barding)
Stlth    ++........             m - amulet of magic regeneration
HPRegen  0.15/turn              g - ring of protection from magic
MPRegen  0.35/turn              l - ring of protection from fire

@: very slow
A: large, see invisible, deformed body, poison resistance, slowness 2, slow
metabolism 1, spit poison 1, AC +1
a: Spit Poison


You were on level 3 of the Dungeon.
You were not hungry.

You visited 1 branch of the dungeon, and saw 3 of its levels.

You collected 87 gold pieces.

Inventory:

Hand Weapons
 a - a +0 hunting sling (weapon)
 b - a +0 mace
Missiles
 d - 8 sling bullets (quivered)
 h - 30 stones
Armour
 c - a cursed +0 robe (worn)
 e - a +0 robe
 j - a +0 helmet (worn)
Jewellery
 g - a ring of protection from magic (left hand)
 l - a ring of protection from fire (right hand)
 m - an amulet of magic regeneration (around neck)
Potions
 i - a potion of invisibility
 k - a potion of flight {unknown}
 o - a potion of cancellation {unknown}
 p - a potion of haste {unknown}
Comestibles
 f - 5 rations
 n - 10 chunks of flesh


   Skills:
 + Level 2.1 Fighting
 + Level 1.3 Maces & Flails
 + Level 3.2 Slings
 + Level 1.9 Dodging
 + Level 1.1 Stealth
 + Level 1.0 Spellcasting
 + Level 3.5 Hexes


You had 2 spell levels left.
You knew the following spells:

 Your Spells              Type           Power        Failure   Level  Hunger
a - Corona                Hex            #......      7%          1    ##.....
b - Inner Flame           Hex/Fire       #.......     38%         3    ####...

Your spell library contained the following spells:

 Spells                   Type           Power        Failure   Level  Hunger
 Slow                     Hex            #.......     10%         2    ###....
 Portal Projectile        Hex/Tloc       #.....       38%         3    ####...
 Cause Fear               Hex            #.........   54%         4    #####..
 Leda's Liquefaction      Hex/Erth       #.........   80%         4    #####..


Dungeon Overview and Level Annotations

Branches:
Dungeon (3/15)

Altars:


Innate Abilities, Weirdness & Mutations

You cannot wear boots.
Your serpentine skin is tough. (AC +1)
You have supernaturally acute eyesight. (SInv)
Armour fits poorly on your strangely shaped body.
Your system is resistant to poisons. (rPois)
You cover ground very slowly.
You have a slow metabolism.
You can spit poison.


Message History

The orc is filled with an inner flame.
b - a +0 mace (weapon)
You barely miss the orc. The orc hits you but does no damage.
The orc barely misses you.
You barely miss the orc. The orc hits you with a +0 short sword!
You sock the orc!
The orc explodes!
The fiery explosion engulfs the orc!!!
You kill the orc!
You have reached level 5!
The fiery explosion engulfs you! You resist.
The fiery explosion engulfs the orc!
You kill the orc!
Your Stealth skill increases to level 1!
You are engulfed in blazing flames.
You resist.
* * * LOW HITPOINT WARNING * * *
You hear a shout!
You hear a bark!
a - a +0 hunting sling (weapon)
You are engulfed in blazing flames.
You resist.
You die...

# .# .# ###o#
##o.!# #§§.#
#)# #@# #.#
#.# #.# #.#
#.# #÷## #.#
#..#
###########.#
##.#
..........#.#
#.#


You could see an orc.

Vanquished Creatures
  An orc priest (D:3)
  3 adders (D:3)
  4 dart slugs
  3 leopard geckos (D:3)
  5 orcs (D:3)
  2 bats
  3 giant cockroaches
  4 goblins
  10 hobgoblins
  4 kobolds
  A frilled lizard (D:3)
  5 rats
45 creatures vanquished.

Notes
Turn   | Place    | Note
-------+----------+-------------------------------------------
     0 | D:1      | Gordogan the Naga Arcane Marksman began the quest for the
                  | Orb.
     0 | D:1      | Reached XP level 1. HP: 18/18 MP: 2/2
   511 | D:1      | Reached XP level 2. HP: 25/25 MP: 3/3
  1274 | D:1      | Reached XP level 3. HP: 31/31 MP: 4/4
  1604 | D:2      | Learned a level 3 spell: Inner Flame
  2048 | D:3      | Reached skill level 1 in Maces & Flails
  2048 | D:3      | Reached XP level 4. HP: 38/39 MP: 5/5
  2125 | D:3      | Found a faded altar of an unknown god.
  2271 | D:3      | Reached XP level 5. HP: 31/45 MP: 3/6
  2271 | D:3      | Reached skill level 1 in Stealth
  2271 | D:3      | HP: 2/45 [cloud of flame (15)]
  2272 | D:3      | Engulfed by a cloud of flame

Skill      XL: |  1  2  3  4  5 |
---------------+----------------+-----
Slings         | 2 3 |  3.2
Maces & Flails | 1 |  1.3
Fighting       | 2 |  2.1
Stealth        | 1 |  1.1
Dodging        | |  1.9
Spellcasting   | |  1.0
Hexes          | |  3.5

Action                   |  1- 3 |  4- 6 || total
-------------------------+-------+-------++-------
Melee: Club              |    57 |       ||    57
       Mace              |     4 |    12 ||    16
 Fire: Hunting sling     |    59 |    35 ||    94
 Cast: Inner Flame       |       |     1 ||     1
  Use: Scroll            |     1 |       ||     1
 Stab: Sleeping          |       |     1 ||     1
  Eat: Chunk             |     2 |     1 ||     3
Armor: Robe              |    15 |     4 ||    19
Dodge: Dodged            |    47 |    18 ||    65
